 Dungeon Crawl Stone Soup version 0.17-a0-702-gb3a3556 (webtiles) character file.

2647 Fluffy the Skirmisher (level 9, 0/72 HPs)
             Began as a Human Fighter on Apr 19, 2015.
             Was a Believer of Okawaru.
             Slain by an orc warrior
             ... wielding a +0 scimitar
              (7 damage)
             ... on level 7 of the Dungeon.
             The game lasted 00:24:31 (9585 turns).

Fluffy the Skirmisher (Human Fighter)               Turns: 9585, Time: 00:24:31

Health: 0/72       AC: 20    Str: 18    XL:     9   Next: 93%
Magic:  11/12      EV:  8    Int:  8    God:    Okawaru [**....]
Gold:   421        SH:  6    Dex: 15    Spells: 0 memorised, 8 levels left

rFire  . . .     SeeInvis .     a - +1 long sword
rCold  . . .     Clarity  .     q - +0 plate armour
rNeg   . . .     SustAb   .     l - +0 buckler {reflect}
rPois  .         Gourm    .     (no helmet)
rElec  .         Spirit   .     C - +2 cloak
rCorr  .         Warding  .     b - +0 pair of gloves
rMut   +         Stasis   .     (no boots)
MR     .....                    A - amulet of resist mutation
Stlth  ..........               (no ring)
                                (no ring)

@: heroism, not resistant to hostile enchantments, extremely unstealthy
A: no striking features
a: Heroism, Renounce Religion


You were on level 7 of the Dungeon.
You worshipped Okawaru.
Okawaru was pleased with you.
You were not hungry.

You visited 1 branch of the dungeon, and saw 7 of its levels.

You collected 421 gold pieces.

Inventory:

Hand weapons
 a - a +1 long sword (weapon)
Missiles
 u - 2 javelins (quivered)
Armour
 b - a +0 pair of gloves (worn)
 l - a +0 buckler of reflection (worn)
 q - a +0 plate armour (worn)
 C - a +2 cloak (worn)
Jewellery
 A - an amulet of resist mutation (around neck)
Magical devices
 k - a wand of digging (11)
 t - a wand of fireball (5)
 w - a wand of polymorph (3)
 y - a wand of teleportation (4)
 z - a wand of paralysis (7)
 B - a wand of magic darts (15)
 F - a wand of heal wounds (8)
Scrolls
 f - 2 scrolls of identify
 j - 2 scrolls of blinking
 n - a scroll of magic mapping
 p - 2 scrolls of enchant armour
 v - a scroll of teleportation
Potions
 c - a potion of cancellation {unknown}
 e - 2 potions of might
 g - 4 potions of restore abilities
 m - a potion of curing {unknown}
 x - a potion of agility
Comestibles
 d - 5 bread rations
 h - a slice of pizza
 i - 7 fruits
 o - 5 beef jerkies
 r - 5 meat rations
 s - a royal jelly
 D - 4 chunks of flesh


   Skills:
 + Level 7.6(12.6) Fighting
 + Level 7.2(12.2) Long Blades
 + Level 7.4(12.4) Armour
 - Level 3.0(8.0) Shields
 + Level 4.8 Invocations


You had 8 spell levels left.
You didn't know any spells.

Dungeon Overview and Level Annotations

Branches:
Dungeon (7/15)             Temple (0/1) D:5

Altars:
Cheibriados
Dithmenos
Elyvilon
Kikubaaqudgha
Makhleb
Okawaru
Qazlal
Vehumet
Yredelemnul

Annotations:
D:5 1 exclusion
D:6 1 runed door


Message History

The orc warrior hits you but does no damage.
Unknown command.
You hit the orc warrior but do no damage.
The orc warrior is lightly wounded.
You slash the orc warrior!
The orc warrior is heavily wounded.
You block the orc warrior's attack.
You hit the orc warrior but do no damage.
The orc warrior is heavily wounded.
The orc warrior hits you with a scimitar.
* * * LOW HITPOINT WARNING * * *
You hit the orc warrior.
The orc warrior is heavily wounded.
You slash the orc warrior!
The orc warrior is almost dead.
The orc warrior hits you but does no damage.
You closely miss the orc warrior.
The orc warrior is almost dead.
The orc warrior hits you with a scimitar!
You die...

############## #.............
####### ###.##......##
#.....###...#........# #
#.....##..####......####..#
#........####...####.....#
#####.....#### #o).#####.#####
...##.......####@).#.....# ####
##.รท.........).......##### #...
#....................#########...
..###.....##..).####.............
### #####........############....
# ####....###..# #....
######.....### ##.### ##...
.......#..## #...### #....
....###..## ###...# #..>.


You could see an orc warrior.

Vanquished Creatures
  A hippogriff (D:7)
  A steam dragon (D:7)
  An orc warrior (D:6)
  An ice beast (D:6)
  A phantom (D:5)
  2 centaurs
  3 ogres
  A gnoll sergeant (D:5)
  2 giant frogs
  A scorpion (D:6)
  A killer bee (D:6)
  4 goliath beetles (D:6)
  5 hounds
  2 orc priests
  2 crimson imps
  A quasit (D:5)
  5 jellies
  Crazy Yiuf (D:5)
  Ijyb (D:3)
  Jessica (D:3)
  A giant frog skeleton (D:6)
  8 worker ants
  Natasha (thrice) (D:3)
  2 iguanas (D:6)
  6 orc wizards
  A hound zombie (D:7)
  9 gnolls (D:5)
  6 adders
  A white imp (D:5)
  A shadow imp (D:5)
  An ooze (D:4)
  An adder zombie (D:6)
  5 worms
  7 giant geckos
  14 orcs
  14 bats
  2 bat zombies (D:5)
  6 hobgoblins
  9 kobolds
  4 quokkas
  3 ball pythons
  6 giant cockroaches
  A giant cockroach zombie (D:6)
  A giant gecko skeleton (D:5)
  7 giant newts
  10 goblins
  15 jackals
  3 jackal skeletons
  12 rats
  A ballistomycete (D:6)
197 creatures vanquished.

Vanquished Creatures (others)
  A jelly (D:5)
  A shadow imp (D:3)
  A giant spore (D:6)
  A kobold (D:3)
4 creatures vanquished.

Grand Total: 201 creatures vanquished

Notes
Turn   | Place    | Note
--------------------------------------------------------------
     0 | D:1      | Fluffy, the Human Fighter, began the quest for the Orb.
     0 | D:1      | Reached XP level 1. HP: 18/18 MP: 1/1
   230 | D:1      | Reached XP level 2. HP: 10/24 MP: 2/2
   599 | D:1      | Reached XP level 3. HP: 29/29 MP: 3/3
  1413 | D:2      | Found a basalt altar of Yredelemnul.
  1683 | D:2      | Reached XP level 4. HP: 20/37 MP: 4/4
  1919 | D:3      | Reached skill level 4 in Fighting
  1937 | D:3      | Reached XP level 5. HP: 42/42 MP: 5/5
  1968 | D:3      | Noticed Natasha
  1979 | D:3      | Killed Natasha
  2186 | D:3      | Noticed Jessica
  2205 | D:3      | Killed Jessica
  2492 | D:3      | Noticed Ijyb
  2507 | D:3      | Noticed Natasha
  2531 | D:3      | Killed Ijyb
  2531 | D:3      | Reached XP level 6. HP: 12/49 MP: 6/6
  2541 | D:3      | Killed Natasha
  2886 | D:3      | Noticed Natasha
  2898 | D:3      | Killed Natasha
  3539 | D:4      | Found an ancient bone altar of Kikubaaqudgha.
  3541 | D:4      | Found a white marble altar of Elyvilon.
  3875 | D:5      | Entered Level 5 of the Dungeon
  4066 | D:5      | Reached skill level 5 in Fighting
  4066 | D:5      | Reached XP level 7. HP: 46/56 MP: 7/7
  4188 | D:4      | Found a shadowy altar of Dithmenos.
  4188 | D:4      | Found a radiant altar of Vehumet.
  4254 | D:5      | Noticed Crazy Yiuf
  4266 | D:5      | Killed Crazy Yiuf
  4266 | D:5      | Reached skill level 5 in Armour
  4966 | D:5      | Found a burning altar of Makhleb.
  4968 | D:5      | Found a stormy altar of Qazlal.
  4968 | D:5      | Noticed a fire elemental
  5482 | D:5      | Reached skill level 5 in Long Blades
  5482 | D:5      | Reached XP level 8. HP: 8/64 MP: 8/8
  6024 | D:5      | Reached skill level 6 in Fighting
  6121 | D:5      | Found a snail-covered altar of Cheibriados.
  6121 | D:5      | Found an iron altar of Okawaru.
  6125 | D:5      | Became a worshipper of Warmaster Okawaru
  6512 | D:5      | Found a staircase to the Ecumenical Temple.
  6827 | D:5      | Reached skill level 1 in Invocations
  7366 | D:6      | Reached XP level 9. HP: 71/71 MP: 10/10
  7683 | D:6      | Acquired Okawaru's first power
  7999 | D:6      | Reached skill level 7 in Fighting
  8056 | D:6      | Found a runed door.
  8070 | D:6      | Found a runed door.
  9112 | D:7      | Found a snail-covered altar of Cheibriados.
  9585 | D:7      | Slain by an orc warrior

Action                   |  1- 3 |  4- 6 |  7- 9 || total
-------------------------+-------+-------+-------++-------
Melee: Long sword        |   130 |   259 |   614 ||  1003
       Unarmed           |       |     1 |       ||     1
Invok: Heroism           |       |       |     2 ||     2
  Use: Scroll            |       |       |    17 ||    17
       Potion            |       |       |     3 ||     3
  Eat: Chunk             |     3 |     8 |    17 ||    28
       Fruit             |       |       |     2 ||     2
